 Dungeon Crawl Stone Soup version 0.17.1-3-g152610e (webtiles) character file.

127 kaze the Ruffian (level 4, -5/45 HPs)
             Began as a Troll Berserker on Mar 7, 2016.
             Was a Believer of Trog.
             Killed by nerve-wracking pain
             ... invoked by Grinder
              (12 damage)
             ... on level 3 of the Dungeon.
             The game lasted 00:04:53 (1466 turns).

kaze the Ruffian (Troll Berserker)                  Turns: 1466, Time: 00:04:53

Health: -5/45      AC:  8    Str: 26    XL:     4   Next: 85%
Magic:  3/3        EV:  7    Int:  3    God:    Trog [**....]
Gold:   125        SH:  7    Dex:  9    Spells: 0 memorised, 3 levels left

rFire  . . .     SeeInvis +     g - +0 flail
rCold  . . .     Clarity  .     a - +0 animal skin
rNeg   . . .     SustAt   .     c - +0 shield
rPois  .         Gourm    +     (helmet restricted)
rElec  .         Spirit   .     (no cloak)
rCorr  .         Warding  .     (gloves unavailable)
rMut   .         Stasis   .     (boots unavailable)
MR     .....                    (no amulet)
Stlth  +.........               l - ring of see invisible
                                j - +3 ring of protection

@: exhausted, not resistant to hostile enchantments, very unstealthy
A: unfitting armour, claws 3, fast metabolism 3, gourmand, regeneration 2,
shaggy fur 1, tough skin 2
a: Berserk, Trog's Hand, Burn Spellbooks, Renounce Religion


You were on level 3 of the Dungeon.
You worshipped Trog.
Trog was pleased with you.
You were very full.

You visited 1 branch of the dungeon, and saw 3 of its levels.

You collected 125 gold pieces.

Inventory:

Hand Weapons
 g - a +0 flail (weapon)
Missiles
 h - 5 javelins (quivered)
Armour
 a - a +0 animal skin (worn)
 c - a +0 shield (worn)
Jewellery
 j - a +3 ring of protection (left claw)
 l - a ring of see invisible (right claw)
Scrolls
 d - a scroll of remove curse {unknown}
 e - a scroll of immolation
 n - a scroll of identify
 q - a scroll of fear {unknown}
Potions
 i - a potion of haste
 m - 2 potions of might {unknown}
 p - a potion of poison {unknown}
Books
 o - a book of Beasts

   Spells                             Type                      Level
   a - Summon Butterflies             Summoning                    1
   b - Call Canine Familiar           Summoning                    3
   c - Summon Ice Beast               Ice/Summoning                4
   d - Summon Mana Viper              Hexes/Summoning              5
   e - Summon Hydra                   Summoning                    7
   Trog disapproves of the use of such an item.
Comestibles
 b - 3 bread rations
 f - 4 fruits
 k - 6 chunks of flesh


   Skills:
 + Level 3.3 Fighting
 + Level 3.3 Dodging
 - Level 0.1 Stealth
 + Level 0.5 Shields
 + Level 3.8 Unarmed Combat


You had 3 spell levels left.
You didn't know any spells.

Dungeon Overview and Level Annotations

Branches:
Dungeon (3/15)

Altars:
Ashenzari
Dithmenos
The Shining One

Annotations:
D:3 Grinder


Innate Abilities, Weirdness & Mutations

You are too large for most types of armour.
You have claws for hands.
Your metabolism is lightning-fast.
You like to eat raw meat.
You heal very quickly.
You are covered in fur (AC +1).
You have very tough skin (AC +2).


Message History

Grinder gestures.
Grinder blinks!
Grinder gestures at you. Pain shoots through your body!
* * * LOW HITPOINT WARNING * * *
You are too injured to fight recklessly!
You are too injured to fight recklessly!
You are too injured to fight recklessly!
You are too injured to fight recklessly!
You are too injured to fight recklessly!
You are too injured to fight recklessly!
You are too injured to fight recklessly!
You are too injured to fight recklessly!
Unknown command.
You closely miss Grinder.
Grinder is almost dead.
Grinder hits you but does no damage. Grinder gestures at you.
Pain shoots through your body!
You die...

#..÷##..#####..............#####
##...###... ...#...............##
....÷###########..........#....##
.##.......### #...............##
# #.#####...####...............##
#.##....................#....#.
.....####..###..........##...#.
...## ##.##.........#.##.>.#. ...
#....@.......#. ##..#. ≈≈≈.
##.#.5.......# ##...
...#....#...... ##..
#.######...#.#..# #.. #
....#.##.# #.. ###...# .# #..
##.# #.. ## ##.. #...


You could see Grinder.

Vanquished Creatures
  Jessica (D:2)
  5 adders
  2 worms (D:2)
  A giant gecko (D:1)
  5 orcs (D:3)
  4 bats
  6 hobgoblins
  2 jackals (D:3)
  A giant cockroach (D:1)
  2 giant newts
  4 goblins
  7 kobolds
  7 rats
47 creatures vanquished.

Notes
Turn   | Place    | Note
--------------------------------------------------------------
     0 | D:1      | kaze the Troll Berserker began the quest for the Orb.
     0 | D:1      | Reached XP level 1. HP: 22/22 MP: 0/0
   431 | D:1      | Reached XP level 2. HP: 29/29 MP: 1/1
   739 | D:2      | Found a shadowy altar of Dithmenos.
   818 | D:2      | Reached XP level 3. HP: 29/36 MP: 2/2
   863 | D:2      | Reached ** piety under Trog
   981 | D:2      | Noticed Jessica
   988 | D:2      | Killed Jessica
   988 | D:2      | Reached XP level 4. HP: 38/45 MP: 3/3
  1079 | D:2      | Found a glowing golden altar of the Shining One.
  1158 | D:2      | Found a shattered altar of Ashenzari.
  1387 | D:3      | Found a faded altar to an unknown god.
  1429 | D:3      | Noticed Grinder
  1431 | D:3      | Paralysed by Grinder for 3 turns
  1466 | D:3      | Killed from afar by Grinder

Action                   |  1- 3 |  4- 6 || total
-------------------------+-------+-------++-------
Melee: Unarmed           |    84 |    20 ||   104
       Flail             |       |    65 ||    65
Invok: Berserk           |       |     1 ||     1
       Trog's Hand       |       |     1 ||     1
  Use: Scroll            |     8 |       ||     8
  Eat: Chunk             |    14 |     5 ||    19
